 Dungeon Crawl Stone Soup version 0.25.1-9-gc5326a611f (webtiles) character file.

Game seed: 4599652846381345260

4846 stebl the Impaler (level 10, -2/79 HPs)
             Began as a Merfolk Gladiator on Dec 23, 2020.
             Was a Priest of Makhleb.
             Slain by a wolf (8 damage)
             ... on level 1 of the Lair of Beasts.
             The game lasted 00:40:16 (7581 turns).

stebl the Impaler (Merfolk Gladiator)               Turns: 7581, Time: 00:40:17

Health: -2/79      AC:  7    Str: 17    XL:     10   Next: 49%
Magic:  13/13      EV: 18    Int:  8    God:    Makhleb [***...]
Gold:   480        SH:  0    Dex: 16    Spells: 9/9 levels left

rFire    . . .     SeeInvis +   a - +6 halberd
rCold    + + .     Gourm    .   (shield currently unavailable)
rNeg     . . .     Faith    .   u - +1 leather armour {rC+}
rPois    .         Spirit   .   D - +0 helmet
rElec    .         Reflect  .   (no cloak)
rCorr    .         Harm     .   (no gloves)
MR       .....                  t - +1 pair of boots
Stlth    +.........             g - amulet of regeneration
HPRegen  0.63/turn              v - ring of see invisible
MPRegen  0.13/turn              c - ring of protection from cold

@: about to teleport
A: change form in water, swift swim, stealthy swim
a: Minor Destruction, Lesser Servant of Makhleb, Renounce Religion


You were on level 1 of the Lair of Beasts.
You worshipped Makhleb.
Makhleb was most pleased with you.
You were not hungry.

You visited 2 branches of the dungeon, and saw 9 of its levels.
You also visited: Ossuary.

You collected 480 gold pieces.


   Skills:
 + Level 7.4 Fighting
 * Level 15.6 Polearms
 - Level 2.0 Throwing
 + Level 9.5 Dodging
 - Level 4.0 Invocations


You had 9 spell levels left.
You didn't know any spells.
Your spell library was empty.

Inventory:

Hand Weapons
 a - a +6 halberd (weapon)
 b - a +1 trident of venom
Missiles
 d - 2 throwing nets {=f}
 N - 9 javelins (quivered)
Armour
 t - a +1 pair of boots (worn)
 u - a +1 leather armour of cold resistance (worn)
 y - a +0 leather armour
 D - a +0 helmet (worn)
 F - a cursed +0 pair of gloves
 T - a scarf of invisibility
Jewellery
 c - a ring of protection from cold (right hand)
 g - an amulet of regeneration (around neck)
 n - an uncursed ring of positive energy
 v - a ring of see invisible (left hand)
 C - an uncursed ring of ice
 S - an uncursed amulet of magic regeneration {unknown}
 V - a cursed +6 ring of intelligence
Wands
 p - a wand of random effects (28)
 A - a wand of enslavement (11)
 H - a wand of iceblast (32)
 I - a wand of acid (8)
 L - a wand of flame (20)
Scrolls
 i - a scroll of blinking
 j - a scroll of fog
 k - 10 scrolls of remove curse {@r2}
 m - a scroll of enchant armour {unknown}
 o - 2 scrolls of enchant weapon {unknown}
 x - 3 scrolls of amnesia
 B - a scroll of immolation {unknown}
 E - 4 scrolls of identify {unknown}
 G - a scroll of fear {unknown}
 K - 2 scrolls of silence {unknown}
 U - 2 scrolls of teleportation {@r4}
Potions
 e - 3 potions of heal wounds {unknown}
 h - 2 potions of brilliance {unknown}
 l - a potion of resistance {unknown}
 r - a potion of invisibility {unknown}
 s - 2 potions of curing {@q1}
 w - 4 potions of might {unknown}
 z - 3 potions of haste {unknown}
 J - a potion of lignification {unknown}
 M - 3 potions of flight {unknown}
 O - a potion of stabbing {unknown}
 P - a potion of mutation {unknown}
 Q - a potion of magic {unknown}
Comestibles
 f - 8 rations {@e1}

Dungeon Overview and Level Annotations

Branches:
Dungeon (8/15)             Temple (0/1) D:6            Lair (1/6) D:8
Ossuary (visited)

Altars:
Gozag
Kikubaaqudgha
Makhleb
Nemelex Xobeh
Sif Muna
Uskayaw
Vehumet
Wu Jian
Xom
Yredelemnul

..........
.....P#...P##....#
...........#....#
...#.......#....+
...........#....# .
................# ...
#...hh.......#
.....#.##@##...h^.#..
.........
.................###.
.................#
.................P#
.......#####.#......


You could see a crocodile, 4 wolves and a friendly hellwing (summoned).


Message History

You feel strangely unstable. The wolf closely misses your hellwing.
The wolf bites you!
* * * LOW HITPOINT WARNING * * *
The bullfrog closely misses you.
Your hellwing hits the wolf! Your hellwing misses the wolf.
The wolf bites your hellwing but does no damage.
The wolf misses you. The wolf barely misses you. The wolf bites you.
* * * LOW HITPOINT WARNING * * *
The bullfrog misses you.
Your hellwing closely misses the wolf. x2
You completely miss the bullfrog. The wolf barely misses you. x2
The wolf bites you!
* * * LOW HITPOINT WARNING * * *
The bullfrog misses you.
Your hellwing hits the wolf.
Your hellwing barely misses the wolf.
You slice the bullfrog!!
You kill the bullfrog!
Makhleb accepts your kill. The wolf bites you!
* * * LOW HITPOINT WARNING * * *
The wolf bites you.
* * * LOW HITPOINT WARNING * * *
The wolf bites you!
* * * LOW HITPOINT WARNING * * *
You puncture the wolf!
You kill the wolf!
Makhleb accepts your kill.
You feel better. The wolf bites you.
* * * LOW HITPOINT WARNING * * *
The wolf barely misses you. The wolf bites you!
You die...

Skill      XL: |  1  2  3  4  5  6  7  8  9 10 |
---------------+-------------------------------+-----
Polearms       | 5 6 7 8 9 11 12 14 15 | 15.6
Fighting       | 3 4 6 7 |  7.4
Dodging        | 5 6 8 9 |  9.5
Invocations    | 2 3 4 |  4.0
Throwing       | |  2.0

Action                   |  1- 3 |  4- 6 |  7- 9 | 10-12 || total
-------------------------+-------+-------+-------+-------++-------
Melee: Trident           |   130 |   201 |   420 |   167 ||   918
       Halberd           |       |       |       |     6 ||     6
Throw: Boomerang         |     3 |    22 |    34 |       ||    59
       Throwing net      |       |     1 |     1 |       ||     2
       Javelin           |       |       |    20 |     6 ||    26
Invok: Minor Destruction |       |       |     4 |       ||     4
       Lesser Servant of |       |       |     1 |     4 ||     5
  Use: Scroll            |       |       |     5 |     1 ||     6
 Stab: Sleeping          |     1 |     1 |     1 |     1 ||     4
       Held in net/web   |       |     2 |     1 |       ||     3
       Distracted        |       |       |     1 |       ||     1
  Eat: Chunk             |     3 |     8 |     8 |       ||    19
       Ration            |       |       |       |     1 ||     1
Armor: Leather armour    |    31 |    35 |    32 |    13 ||   111
Dodge: Dodged            |    64 |   110 |   144 |    61 ||   379

Levels and vault maps discovered:
D:1:      saegor_arrival_fortress, layout_basic
D:2:      layout_basic, grunt_temple_overflow_opulence,
          nicolae_overflow_crystal_walls
D:3:      layout_basic, first_ration, serial_co_window_serial,
          co_window_of_opportunity_a, co_window_corner_a, co_window_corner_a,
          co_window_of_opportunity_a, co_window_cross_1,
          co_window_unsneaky_path_c, co_window_2corner, co_window_cross_2,
          co_window_paths_c, co_window_2corner, co_window_4corner_b,
          chequers_ecumenical_altar_island, minmay_fractal_squares_5
D:4:      cheibrodos_barr_body, layout_gridville, lightli_minifort, uniq_edmund
D:5:      layout_basic, yredelemnul_altar_generic, kennysheep_little_box,
          st_stairs_7, minmay_starry_boxes, uniq_grinder
D:6:      layout_basic, palyth_temple_overflow_mages,
          eat_drink_and_be_merry_uskayaw, minmay_temple_entry_drinking_statues,
          uniq_prince_ribbit1
D:7:      layout_rooms, lemuel_crystal_altar, serial_corexii_hall,
          chequers_hall_statues_corner_a, chequers_hall_statues_y,
          uniq_menkaure, uniq_duvessa
D:8:      layout_rooms, lair_entry_dummy, gup_ossuary_entry_pyramid
Lair:1:   layout_regular_city, lemuel_oklob_altar, uniq_harold

Notes
Turn   | Place    | Note
-------+----------+-------------------------------------------
     0 | D:1      | stebl the Merfolk Gladiator began the quest for the Orb.
     0 | D:1      | Reached XP level 1. HP: 16/16 MP: 1/1
    66 | D:1      | Reached skill level 5 in Polearms
   218 | D:1      | Reached XP level 2. HP: 20/22 MP: 2/2
   739 | D:1      | Reached skill level 6 in Polearms
   739 | D:1      | Reached XP level 3. HP: 27/27 MP: 3/3
  1788 | D:2      | Found a burning altar of Makhleb.
  1809 | D:2      | Became a worshipper of Makhleb the Destroyer
  1836 | D:2      | Reached skill level 7 in Polearms
  1836 | D:2      | Reached XP level 4. HP: 12/33 MP: 4/4
  2081 | D:2      | Found a sparkling altar of Nemelex Xobeh.
  2082 | D:2      | Found an opulent altar of Gozag.
  2337 | D:3      | Found a faded altar of an unknown god.
  2988 | D:3      | Reached XP level 5. HP: 32/39 MP: 5/5
  3321 | D:4      | Reached * piety under Makhleb
  3613 | D:4      | Noticed an ice beast
  3693 | D:4      | Reached skill level 8 in Polearms
  3889 | D:4      | Noticed Edmund
  3900 | D:5      | Entered Level 5 of the Dungeon
  3926 | D:5      | Reached skill level 3 in Fighting
  3938 | D:5      | Reached XP level 6. HP: 45/47 MP: 6/6
  3956 | D:5      | Reached skill level 5 in Dodging
  3956 | D:5      | Reached skill level 1 in Invocations
  3980 | D:5      | Found a basalt altar of Yredelemnul.
  4076 | D:5      | Reached skill level 9 in Polearms
  4276 | D:5      | Reached skill level 2 in Invocations
  4276 | D:5      | Reached XP level 7. HP: 51/52 MP: 8/8
  4390 | D:5      | Noticed Grinder
  4403 | D:5      | Killed Grinder
  4403 | D:5      | Reached skill level 10 in Polearms
  4403 | D:5      | Reached skill level 3 in Invocations
  4544 | D:5      | Found an ornate altar of the Wu Jian Council.
  4744 | D:4      | Reached skill level 11 in Polearms
  4746 | D:4      | Reached ** piety under Makhleb
  4803 | D:4      | Reached XP level 8. HP: 58/58 MP: 10/10
  4810 | D:4      | Reached skill level 4 in Invocations
  4869 | D:4      | Killed Edmund
  5082 | D:6      | Found a hide-covered altar of Uskayaw.
  5082 | D:6      | Noticed Prince Ribbit
  5159 | D:6      | Found a staircase to the Ecumenical Temple.
  5223 | D:6      | Reached skill level 12 in Polearms
  5235 | D:6      | Reached skill level 4 in Fighting
  5235 | D:6      | Reached skill level 6 in Dodging
  5506 | D:6      | Reached XP level 9. HP: 61/66 MP: 12/12
  5589 | D:6      | Killed Prince Ribbit
  5589 | D:6      | Reached skill level 5 in Fighting
  5589 | D:6      | Reached skill level 13 in Polearms
  5589 | D:6      | Reached skill level 7 in Dodging
  5906 | D:6      | Reached *** piety under Makhleb
  5976 | D:6      | Found a shimmering blue altar of Sif Muna.
  5988 | D:6      | Found an ancient bone altar of Kikubaaqudgha.
  6000 | D:6      | Found a radiant altar of Vehumet.
  6139 | D:7      | Found a shimmering altar of Xom.
  6169 | D:7      | Noticed Dowan
  6175 | D:7      | Noticed Duvessa
  6178 | D:7      | Killed Duvessa
  6179 | D:7      | Killed Dowan
  6309 | D:7      | Reached skill level 14 in Polearms
  6436 | D:7      | Reached skill level 8 in Dodging
  6463 | D:7      | Reached skill level 6 in Fighting
  6503 | D:7      | Noticed Menkaure
  6527 | D:7      | Killed Menkaure
  6772 | D:8      | Found a sand-covered staircase.
  6783 | Ossuary  | Entered an ossuary
  6865 | Ossuary  | Reached XP level 10. HP: 77/77 MP: 13/13
  7036 | Ossuary  | Reached skill level 15 in Polearms
  7080 | D:8      | Reached skill level 9 in Dodging
  7088 | D:8      | Reached **** piety under Makhleb
  7195 | D:8      | Found a staircase to the Lair.
  7287 | D:8      | Reached skill level 7 in Fighting
  7560 | Lair:1   | Entered Level 1 of the Lair of Beasts
  7560 | Lair:1   | Noticed a six-headed hydra
  7566 | Lair:1   | Killed a six-headed hydra
  7580 | Lair:1   | HP: 3/79 [wolf (7)]
  7581 | Lair:1   | Slain by a wolf

Vanquished Creatures
  Prince Ribbit (D:6)
  Grinder (D:5)
  2 hippogriffs
  A hungry ghost (D:7)
  Menkaure (D:7)
  Edmund (D:4)
  A water moccasin (D:6)
  Duvessa (D:7)
  2 ice beasts
  A sky beast (D:6)
  A necrophage (D:7)
  2 wolves (Lair:1)
  2 ogres
  2 centaurs
  3 elf zombies (Ossuary)
  4 bullfrogs
  A gnoll sergeant (D:4)
  A wyvern skeleton (D:6)
  A water moccasin skeleton (D:6)
  8 wights
  2 crimson imps
  2 centaur zombies (Ossuary)
  A hound (D:4)
  7 human zombies (Ossuary)
  A jelly (D:5)
  6 orc wizards
  A gnoll shaman (D:6)
  4 worker ants
  A hound zombie (D:6)
  A hound skeleton (D:7)
  4 mummies
  15 adders
  17 gnolls
  2 shadow imps
  An adder skeleton (D:6)
  2 worms
  4 dart slugs
  7 leopard geckos
  10 orcs
  7 bats
  2 bat zombies (D:1)
  6 giant cockroaches
  4 goblins
  9 hobgoblins
  15 jackals
  3 quokkas
  4 ball pythons
  8 frilled lizards
  3 kobolds
  A leopard gecko skeleton (D:8)
  13 rats
200 creatures vanquished.

Vanquished Creatures (collateral kills)
  A hydra (Lair:1)
  A komodo dragon (Lair:1)
  2 wolves (Lair:1)
  An eye of draining (D:8)
  Dowan (D:7)
  A leopard gecko (D:8)
  A giant cockroach (D:8)
8 creatures vanquished.

Grand Total: 208 creatures vanquished

Table legend:
 A = Turns spent in this place as a percentage of turns spent in the entire game.
 B = Non-inter-level travel turns spent in this place as a percentage of non-inter-level travel turns spent in the entire game.
 C = Inter-level travel turns spent in this place as a percentage of turns spent in this place.
 D = Turns resting spent in this place as a percentage of non-inter-level travel turns spent in this place.
 E = Turns spent auto-exploring this place as a percentage of non-inter-level travel turns spent in this place.
 F = Non-inter-level travel turns spent in this place divided by the number of levels of this place that you've seen.
                   A       B       C       D       E      F
               +-------+-------+-------+-------+-------+----------------------
         Total | 100.0 | 100.0 |   3.9 |   3.1 |  70.7 | 728.4
       Dungeon |  96.2 |  96.1 |   4.1 |   3.3 |  72.7 | 874.8
          Lair |   0.3 |   0.3 |   0.0 |   0.0 |   0.0 |  21.0
       Ossuary |   3.5 |   3.6 |   0.0 |   0.0 |  24.9 | 265.0
               +-------+-------+-------+-------+-------+----------------------

Table legend:
 A = Non-vault XP
 B = Vault XP
 C = Vault XP percentage of total XP
 D = Non-vault monster count
 E = Vault monster count
 F = Vault count percentage of total count
                 A         B        C        D         E       F
            +---------+---------+-------+---------+---------+-------
      Total |    4609 |    2315 |  33.4 |     161 |      47 |  22.6
            +---------+---------+-------+---------+---------+-------
        D:1 |      45 |       4 |   8.2 |      28 |       2 |   6.7
        D:2 |      55 |       0 |   0.0 |      16 |       0 |   0.0
        D:3 |      55 |      16 |  22.5 |      20 |       3 |  13.0
        D:4 |      99 |     540 |  84.5 |      13 |      16 |  55.2
        D:5 |     412 |     293 |  41.6 |      14 |       3 |  17.6
        D:6 |    1361 |     393 |  22.4 |      39 |       4 |   9.3
        D:7 |     930 |     303 |  24.6 |      12 |       3 |  20.0
        D:8 |     670 |      18 |   2.6 |      12 |       1 |   7.7
     Lair:1 |     982 |       0 |   0.0 |       7 |       0 |   0.0
    Ossuary |       0 |     748 | 100.0 |       0 |      15 | 100.0
            +---------+---------+-------+---------+---------+-------
